 Dungeon Crawl Stone Soup version 0.24-a0-284-g9fb9971df1 (webtiles) character file.

Game seed: 14946990625660234927

945 Niddhogr the Tainter (level 8, -11/52 HPs)
             Began as a Formicid Venom Mage on May 5, 2019.
             Engulfed by a cloud of flame (24 damage)
             ... on level 4 of the Dungeon.
             The game lasted 00:19:28 (6918 turns).

Niddhogr the Tainter (Formicid Venom Mage)          Turns: 6918, Time: 00:19:29

Health: -11/52     AC:  3    Str: 13    XL:     8   Next: 35%
Magic:  13/13      EV: 12    Int: 17    God:
Gold:   232        SH:  4    Dex: 11    Spells: 4/14 levels left

rFire    . . .     SeeInvis +   y - +0 trident
rCold    . . .     Gourm    .   r - +0 buckler {rN+} {rN+}
rNeg     + . .     Faith    .   a - +0 robe
rPois    .         Spirit   .   (helmet unavailable)
rElec    .         Reflect  .   (no cloak)
rCorr    .         Harm     .   q - +0 pair of gloves (curse)
MR       .....                  (no boots)
Stlth    ++........             (no amulet)
HPRegen  0.17/turn              k - ring of teleportation (curse)
MPRegen  0.13/turn              (no ring)

@: no status effects
A: permanent stasis, dig shafts and tunnels, four strong arms, antennae 3
a: Dig, Shaft Self


You were on level 4 of the Dungeon.
You were very hungry.

You visited 1 branch of the dungeon, and saw 4 of its levels.
You also visited: Ossuary.

You collected 232 gold pieces.

Inventory:

Hand Weapons
 y - a +0 trident (weapon)
Missiles
 l - 14 poisoned needles
 z - 3 javelins (quivered)
 Q - 17 arrows
Armour
 a - a +0 robe (worn)
 q - a cursed +0 pair of gloves (worn)
 r - a +0 buckler of positive energy (worn) {rN+}
Jewellery
 k - a cursed ring of teleportation (left hand)
Wands
 d - a wand of disintegration (1)
Scrolls
 e - a scroll of fear
 f - a scroll of fog
 h - 3 scrolls of remove curse
 i - 3 scrolls of identify
 j - a scroll of enchant weapon
 m - 2 scrolls of amnesia {unknown}
 u - a scroll of immolation {!r}
 w - 2 scrolls of enchant armour {unknown}
 B - a scroll of acquirement {unknown}
Potions
 b - a potion of brilliance {unknown}
 g - 3 potions of flight {unknown}
 n - a potion of resistance {unknown}
 o - 2 potions of berserk rage {unknown}
 p - 2 potions of cancellation {unknown}
 s - a potion of might {unknown}
 t - a potion of degeneration {unknown}
 v - 3 potions of haste
 x - a potion of agility {unknown}
 A - 3 potions of lignification {unknown}
 C - a potion of heal wounds {unknown}
Comestibles
 c - 12 rations


   Skills:
   Level 0.1 Short Blades
 + Level 4.7 Polearms
 - Level 1.7 Dodging
 - Level 2.4 Stealth
 - Level 2.7 Shields
 + Level 3.8 Spellcasting
 - Level 0.8 Conjurations
 - Level 2.3 Air Magic
 - Level 8.2 Poison Magic


You had 4 spell levels left.
You knew the following spells:

 Your Spells              Type           Power        Failure   Level  Hunger
a - Sting                 Conj/Pois      ###.         2%          1    None
b - Poisonous Vapours     Pois/Air       ###...       2%          2    ##.....
c - Olgreb's Toxic Radia  Pois           ####....     5%          4    ####...
x - Mephitic Cloud        Conj/Pois/Air  ###.....     10%         3    ###....

Your spell library contained the following spells:

 Spells                   Type           Power        Failure   Level  Hunger
 Animate Skeleton         Necr           N/A          16%         1    None
 Pain                     Necr           #...         16%         1    None
 Regeneration             Chrm/Necr      #.........   43%         3    ###....
 Vampiric Draining        Necr           #.........   43%         3    ###....
 Animate Dead             Necr           N/A          85%         4    ####...
 Venom Bolt               Conj/Pois      ###.......   56%         5    ######.


Dungeon Overview and Level Annotations

Branches:
Dungeon (4/15)
 Temple: D:4-7

Altars:
Makhleb
Nemelex Xobeh
Uskayaw


Innate Abilities, Weirdness & Mutations

You cannot be hasted, slowed, berserked, paralysed or teleported.
You can dig through walls and to a lower floor.
Your four strong arms can wield two-handed weapons with a shield.
You have a pair of large antennae on your head. (SInv)


Message History

g - 3 fuming emerald potions (gained 1)
c - 12 rations (gained 1)
You open the door.
There is an open door here.
You are feeling very hungry.
You see here 11 stones.
Really walk into a travel-excluded area?
You are engulfed in blazing flames.
You take 24 damage, and have 28/52 hp.
MASSIVE DAMAGE!!
Unknown command.
You are engulfed in blazing flames.
* * * LOW HITPOINT WARNING * * *
You take 15 damage, and have 13/52 hp.
MASSIVE DAMAGE!!
Unknown command.
It was a potion of haste.
Your stasis prevents you from being hasted.
You are engulfed in blazing flames.
You die...

#.# # #☼§☼# #.# #
##...########.#####
{
§.....☼○§..........
{
§..($.§○°..########
..$..§.○..#
#...#####.# #§§☼#
#.# #@○§# #.# #§☼○#
#.# #...#####.#
##........#
##########


There were no monsters in sight!

Levels and vault maps discovered:
D:1:      minmay_arrival_solitary_statue, layout_loops_corners
D:2:      layout_basic, moated_statue, nemelex_diamond_rough_becter
D:3:      minmay_bubble_buster, layout_loops_cross,
          eat_drink_and_be_merry_uskayaw, overflow_temple_1_default
D:4:      layout_basic, first_ration, nicolae_ossuary_entry_catacombs,
          lemuel_flame_loot_1

Notes
Turn   | Place    | Note
-------+----------+-------------------------------------------
     0 | D:1      | Niddhogr the Formicid Venom Mage began the quest for the
                  | Orb.
     0 | D:1      | Reached XP level 1. HP: 13/13 MP: 3/3
    57 | D:1      | Identified a +0 short sword (You found it on level 1 of the
                  | Dungeon)
   106 | D:1      | Identified a +0 club
   205 | D:1      | Reached XP level 2. HP: 17/19 MP: 3/5
   444 | D:1      | Identified a +0 dagger
   486 | D:1      | Identified a ring of teleportation (You found it on level 1
                  | of the Dungeon)
   551 | D:1      | Reached skill level 5 in Poison Magic
   611 | D:1      | Identified a +0 dagger
   702 | D:1      | Identified a +0 club
   707 | D:1      | Reached XP level 3. HP: 24/24 MP: 3/6
   711 | D:1      | Learned a level 2 spell: Poisonous Vapours
  1225 | D:2      | Learned a level 3 spell: Mephitic Cloud
  1239 | D:2      | Identified a +0 club
  1246 | D:2      | Identified a +0 club
  1364 | D:2      | Identified a +0 short sword
  1415 | D:2      | Identified a cursed +0 pair of gloves (You found it on
                  | level 2 of the Dungeon)
  1420 | D:2      | Reached skill level 6 in Poison Magic
  1420 | D:2      | Identified a +0 club
  1421 | D:2      | Identified a +0 dagger
  1421 | D:2      | Identified a +0 hunting sling
  1596 | D:2      | Reached XP level 4. HP: 30/30 MP: 0/7
  1603 | D:2      | Reached skill level 1 in Shields
  1883 | D:2      | Reached skill level 2 in Shields
  1967 | D:2      | Identified a +0 club
  1988 | D:2      | Identified a +0 dagger
  2012 | D:2      | Identified a +0 buckler of positive energy (You found it on
                  | level 2 of the Dungeon)
  2013 | D:2      | Identified 5 scrolls of identify
  2013 | D:2      | Identified a scroll of enchant weapon
  2180 | D:2      | Found a sparkling altar of Nemelex Xobeh.
  2481 | D:3      | Identified a cursed -3 dagger
  2537 | D:3      | Identified a +0 club
  2553 | D:3      | Reached XP level 5. HP: 30/35 MP: 1/8
  2708 | D:3      | Identified a +0 club
  2719 | D:3      | Reached skill level 1 in Air Magic
  2730 | D:3      | Identified a +0 long sword (You found it on level 3 of the
                  | Dungeon)
  2995 | D:3      | Identified a +0 club
  3029 | D:3      | Found a burning altar of Makhleb.
  3264 | D:3      | Identified a +0 short sword
  3271 | D:3      | Identified a +0 ring mail
  3271 | D:3      | Identified a +0 short sword
  3273 | D:3      | Identified a +0 dagger
  3273 | D:3      | Identified a +0 robe
  3299 | D:3      | Reached skill level 2 in Air Magic
  3667 | D:3      | Identified a +0 club
  3667 | D:3      | Identified a +0 leather armour
  3668 | D:3      | Identified a +0 club
  3713 | D:3      | Identified a +0 short sword
  3841 | D:3      | Reached XP level 6. HP: 41/41 MP: 6/9
  3876 | D:3      | Identified a +0 dagger
  3881 | D:3      | Identified a +0 club
  3881 | D:3      | Identified a +0 whip
  3881 | D:3      | Identified a +0 leather armour
  4071 | D:3      | Found a hide-covered altar of Uskayaw.
  4233 | D:3      | Identified a +0 trident
  4262 | D:4      | Identified a scroll of remove curse
  4263 | D:4      | Identified a scroll of fog
  4264 | D:4      | Identified a scroll of immolation
  4265 | D:4      | Identified a scroll of fear
  4266 | D:4      | Identified a scroll of teleportation
  4291 | D:4      | Identified a +0 dagger
  4294 | D:4      | Identified a +0 dagger
  4427 | D:4      | Reached skill level 1 in Polearms
  4462 | D:4      | Identified a +0 dagger
  4462 | D:4      | Identified a +0 robe
  4462 | D:4      | Identified a +0 short sword
  4462 | D:4      | Identified a +0 leather armour
  4470 | D:4      | Identified a +0 leather armour
  4523 | D:4      | Reached skill level 7 in Poison Magic
  4532 | D:4      | Identified a +0 giant club
  4532 | D:4      | Noticed an ogre
  4542 | D:4      | Killed an ogre
  4542 | D:4      | Reached skill level 2 in Polearms
  4542 | D:4      | Reached XP level 7. HP: 46/46 MP: 0/10
  4698 | D:4      | Reached skill level 3 in Polearms
  4704 | D:4      | Found a sand-covered staircase.
  4717 | D:4      | Reached skill level 8 in Poison Magic
  4724 | Ossuary  | Entered an ossuary
  5371 | Ossuary  | Reached XP level 8. HP: 52/52 MP: 10/12
  5398 | Ossuary  | Reached skill level 4 in Polearms
  5582 | Ossuary  | Reached skill level 3 in Spellcasting
  6542 | D:4      | Learned a level 4 spell: Olgreb's Toxic Radiance
  6917 | D:4      | HP: 13/52 [something (15)]
  6918 | D:4      | Identified 4 potions of haste
  6918 | D:4      | Engulfed by a cloud of flame

Table legend:
 A = Turns spent in this place as a percentage of turns spent in the entire game.
 B = Non-inter-level travel turns spent in this place as a percentage of non-inter-level travel turns spent in the entire game.
 C = Inter-level travel turns spent in this place as a percentage of turns spent in this place.
 D = Turns resting spent in this place as a percentage of non-inter-level travel turns spent in this place.
 E = Turns spent auto-exploring this place as a percentage of non-inter-level travel turns spent in this place.
 F = Non-inter-level travel turns spent in this place divided by the number of levels of this place that you've seen.
                   A       B       C       D       E      F
               +-------+-------+-------+-------+-------+----------------------
         Total | 100.0 | 100.0 |   1.3 |   2.9 |  76.2 | 1366.2
       Dungeon |  79.4 |  79.1 |   1.6 |   1.1 |  78.7 | 1351.0
       Ossuary |  20.6 |  20.9 |   0.0 |   9.8 |  66.5 | 1427.0
               +-------+-------+-------+-------+-------+----------------------

Table legend:
 A = Kills in this place as a percentage of kills in entire the game.
 B = Kills by you in this place as a percentage of kills by you in the entire game.
 C = Kills by friends in this place as a percentage of kills by friends in the entire game.
 D = Other kills in this place as a percentage of other kills in the entire game.
 E = Experience gained in this place as a percentage of experience gained in the entire game.
 F = Experience gained in this place divided by the number of levels of this place that you have seen.
                   A       B       C       D       E      F
               +-------+-------+-------+-------+-------+----------------------
         Total | 100.0 | 100.0 |   N/A |   N/A | 100.0 | 270.0
       Dungeon |  75.2 |  75.2 |   N/A |   N/A |  67.2 | 226.8
       Ossuary |  24.8 |  24.8 |   N/A |   N/A |  32.8 | 443.0
               +-------+-------+-------+-------+-------+----------------------

Skill      XL: |  1  2  3  4  5  6  7  8 |
---------------+-------------------------+-----
Poison Magic   | 5 6 7 8 |  8.2
Shields        | 2 |  2.7
Air Magic      | 2 |  2.3
Polearms       | 2 3 4 |  4.7
Spellcasting   | 3 |  3.8
Short Blades   | |  0.1
Dodging        | |  1.7
Stealth        | |  2.4
Conjurations   | |  0.8

Action                   |  1- 3 |  4- 6 |  7- 9 || total
-------------------------+-------+-------+-------++-------
Melee: Short sword       |    44 |    59 |       ||   103
       Long sword        |       |    93 |       ||    93
       Trident           |       |    22 |   234 ||   256
Throw: Javelin           |       |       |    10 ||    10
 Cast: Sting             |    40 |    67 |       ||   107
       Poisonous Vapours |       |    15 |     3 ||    18
Evoke: Wand              |       |       |    14 ||    14
  Use: Scroll            |       |     6 |       ||     6
       Potion            |       |       |     1 ||     1
 Stab: Sleeping          |     1 |     1 |    15 ||    17
  Eat: Chunk             |     3 |    11 |     4 ||    18
       Ration            |       |       |     1 ||     1
Armor: Robe              |     4 |    41 |    24 ||    69
Dodge: Dodged            |    28 |    85 |    65 ||   178
Block: Buckler           |       |    27 |    27 ||    54
       Rpst.: Long sword |       |    17 |       ||    17

Vanquished Creatures
  An ogre (D:4)
  2 elf zombies
  An elf skeleton (D:4)
  A howler monkey (D:4)
  3 centaur zombies (Ossuary)
  A human zombie (D:4)
  A hound (D:3)
  2 orc wizards
  A human skeleton (D:4)
  An iguana (D:4)
  A worker ant (D:4)
  2 ogre zombies (Ossuary)
  7 mummies (Ossuary)
  7 adders
  An ooze (D:2)
  An adder skeleton (D:4)
  An adder zombie (Ossuary)
  3 worms
  3 dart slugs
  4 leopard geckos
  12 orcs
  2 ball pythons (D:3)
  5 bats
  4 giant cockroaches
  8 goblins
  13 hobgoblins
  4 jackals
  A quokka (D:3)
  10 frilled lizards
  8 goblin zombies (Ossuary)
  8 hobgoblin zombies (Ossuary)
  8 kobolds
  A kobold zombie (Ossuary)
  2 orc skeletons (D:4)
  4 quokka zombies (Ossuary)
  13 rats
  2 rat zombies (Ossuary)
149 creatures vanquished.

Vanquished Creatures (others)
  An orc (D:4)
1 creature vanquished.

Grand Total: 150 creatures vanquished
